 Dungeon Crawl Stone Soup version 0.25-a0-290-g4a1327ee3a (webtiles) character file.

Game seed: 11642780193537016514, levelgen mode: classic

144 Borgoz the Chopper (level 5, 0/46 HPs)
             Began as a Minotaur Berserker on Dec 14, 2019.
             Was a Believer of Trog.
             Slain by a centaur (2 damage)
             ... on level 3 of the Dungeon.
             The game lasted 00:02:07 (1873 turns).

Borgoz the Chopper (Minotaur Berserker)             Turns: 1873, Time: 00:02:08

Health: 0/46       AC:  4    Str: 22    XL:     5   Next: 5%
Magic:  4/4        EV: 12    Int:  5    God:    Trog [**....]
Gold:   78         SH:  0    Dex:  9    Spells: 4/4 levels left

rFire    . . .     SeeInvis .   a - +0 hand axe
rCold    + . .     Gourm    .   (no shield)
rNeg     . . .     Faith    .   g - +1 leather armour {rC+}
rPois    .         Spirit   .   (helmet restricted)
rElec    .         Reflect  .   (no cloak)
rCorr    .         Harm     .   (no gloves)
MR       .....                  (no boots)
Stlth    ++........             (no amulet)
HPRegen  0.15/turn              h - ring of stealth
MPRegen  0.09/turn              (no ring)

@: no status effects
A: retaliatory headbutt, horns 2
a: Berserk, Trog's Hand, Renounce Religion


You were on level 3 of the Dungeon.
You worshipped Trog.
Trog was pleased with you.
You were not hungry.

You visited 1 branch of the dungeon, and saw 3 of its levels.

You collected 78 gold pieces.

Inventory:

Hand Weapons
 a - a +0 hand axe (weapon)
Armour
 g - a +1 leather armour of cold resistance (worn)
 q - a +0 ring mail
Jewellery
 h - a ring of stealth (left hand)
 o - a cursed ring of attention {unknown}
 r - an uncursed ring of flight {unknown}
Scrolls
 b - 2 scrolls of identify {unknown}
 d - a scroll of enchant armour {unknown}
 f - a scroll of fear {unknown}
 j - 2 scrolls of noise {unknown}
 l - 2 scrolls of random uselessness {unknown}
 s - a scroll of teleportation {unknown}
 t - a scroll of amnesia {unknown}
Potions
 e - 2 potions of agility {unknown}
 i - 2 potions of might {unknown}
 k - a potion of lignification {unknown}
 m - a potion of haste {unknown}
 n - a potion of heal wounds {unknown}
Comestibles
 c - 4 rations
 p - 2 chunks of flesh


   Skills:
 + Level 4.2 Fighting
 * Level 4.8 Axes
 * Level 4.0 Armour
 * Level 3.5 Dodging


You had 4 spell levels left.
You didn't know any spells.
Your spell library was empty.

Dungeon Overview and Level Annotations

Branches:
Dungeon (3/15)

Altars:
Ashenzari
Nemelex Xobeh
Xom


Innate Abilities, Weirdness & Mutations

You reflexively headbutt those who attack you in melee.
You have a pair of horns on your head.


Message History

The slug dart misses you.
The centaur shoots an arrow.
The arrow closely misses you.
You completely miss the dart slug. You headbutt the dart slug.
You kill the dart slug!
Trog accepts your kill.
Your Armour skill increases to level 4!
The centaur shoots an arrow.
The arrow closely misses you.
The centaur shoots an arrow.
The arrow hits you.
The centaur shoots an arrow.
The arrow hits you.
The centaur shoots an arrow.
The arrow hits you!
You see here 2 arrows.
The centaur shoots an arrow.
The arrow hits you!
The centaur shoots an arrow.
The arrow hits you!
* * * LOW HITPOINT WARNING * * *
You see here 2 arrows.
The centaur unwields a +0 shortbow.
The centaur barely misses you. The centaur hits you.
* * * LOW HITPOINT WARNING * * *
The centaur hits you.
You die...

#....... #. #....... #..
#....... #.. #.......
..##### ####.......
.....# #.........[ ..#.#
#.......... #.#.#
#.......... #@..#
#..........
#.c.#.#######>....
#.....# ####..... ###
#(##### #..'.....
....####.## #.##.....
........(.# #.##.....
......†...##### #.##.....
.......(..#...# #.##.....
..........#...###.#######


You could see a centaur.

Vanquished Creatures
  2 orc wizards (D:3)
  3 adders
  A worm (D:2)
  2 dart slugs
  3 leopard geckos
  9 orcs (D:3)
  3 bats
  2 giant cockroaches (D:2)
  4 goblins
  6 hobgoblins
  4 kobolds
  A quokka (D:3)
  A ball python (D:1)
  3 frilled lizards
  5 rats
49 creatures vanquished.

Vanquished Creatures (others)
  A fungus (D:2)
1 creature vanquished.

Grand Total: 50 creatures vanquished

Notes
Turn   | Place    | Note
-------+----------+-------------------------------------------
     0 | D:1      | Borgoz the Minotaur Berserker began the quest for the Orb.
     0 | D:1      | Reached XP level 1. HP: 19/19 MP: 0/0
    65 | D:1      | Found a shimmering altar of Xom.
   135 | D:1      | Reached XP level 2. HP: 25/27 MP: 1/1
   663 | D:2      | Reached XP level 3. HP: 29/33 MP: 2/2
  1035 | D:2      | Found a shattered altar of Ashenzari.
  1039 | D:2      | Saw a vision of the Swamp and the Snake Pit.
  1039 | D:2      | Noticed an alligator
  1039 | D:2      | Noticed an alligator
  1039 | D:2      | Noticed a water moccasin
  1039 | D:2      | Noticed a naga mage
  1039 | D:2      | Noticed a black mamba
  1039 | D:2      | Noticed a naga ritualist
  1039 | D:2      | Noticed a mana viper
  1039 | D:2      | Noticed a black mamba
  1039 | D:2      | Noticed a naga
  1039 | D:2      | Noticed a black mamba
  1039 | D:2      | Noticed an anaconda
  1270 | D:3      | Reached ** piety under Trog
  1270 | D:3      | Reached XP level 4. HP: 14/40 MP: 3/3
  1276 | D:3      | Found a sparkling altar of Nemelex Xobeh.
  1758 | D:3      | Reached XP level 5. HP: 35/46 MP: 4/4
  1864 | D:3      | Noticed a centaur
  1872 | D:3      | HP: 2/46 [centaur (3)]
  1873 | D:3      | Slain by a centaur

Levels and vault maps discovered:
D:1:      dpeg_arrival_erosion, layout_basic, xom_teletrap_fun
D:2:      layout_rooms, grunt_ashenzari_visionary
          [grunt_ashenzari_visionary_swamp, grunt_ashenzari_visionary_snake]
D:3:      layout_basic, gammafunk_temple_overflow_statue,
          gammafunk_temple_overflow_elements, nemelex_xobeh_ov_fountains_minmay,
          first_ration, nicolae_qazlal_eye_of_the_storm

Skill      XL: |  1  2  3  4  5 |
---------------+----------------+-----
Axes           | 4 |  4.8
Armour         | 3 4 |  4.0
Fighting       | 4 |  4.2
Dodging        | 3 |  3.5

Action                   |  1- 3 |  4- 6 || total
-------------------------+-------+-------++-------
Melee: Hand axe          |    63 |    37 ||   100
       Headbutt          |     7 |     6 ||    13
 Stab: Sleeping          |     4 |     2 ||     6
  Eat: Chunk             |       |     3 ||     3
Armor: Animal skin       |     3 |       ||     3
       Leather armour    |    15 |     9 ||    24
Dodge: Dodged            |    28 |    25 ||    53

Table legend:
 A = Non-vault XP
 B = Vault XP
 C = Vault XP percentage of total XP
 D = Non-vault monster count
 E = Vault monster count
 F = Vault count percentage of total count
                 A         B        C        D         E       F
            +---------+---------+-------+---------+---------+-------
      Total |     207 |       0 |   0.0 |      49 |       0 |   0.0
            +---------+---------+-------+---------+---------+-------
        D:1 |      29 |       0 |   0.0 |      16 |       0 |   0.0
        D:2 |      37 |       0 |   0.0 |      11 |       0 |   0.0
        D:3 |     141 |       0 |   0.0 |      22 |       0 |   0.0
            +---------+---------+-------+---------+---------+-------
